 Dungeon Crawl Stone Soup version 0.29-a0-284-gf9362112df (webtiles) character file.

Game seed: 2005145436440505001

119 sylnyx the Skirmisher (level 4, -4/41 HPs)
             Began as a Minotaur Monk on Mar 23, 2022.
             Slain by a scorpion (5 damage)
             ... on level 3 of the Dungeon.
             The game lasted 00:04:07 (2436 turns).

sylnyx the Skirmisher (Minotaur Monk)               Turns: 2436, Time: 00:04:09

Health: -4/41      AC:  2    Str: 17    XL:     4   Next: 74%
Magic:  3/3        EV: 13    Int:  7    God:
Gold:   151        SH:  0    Dex: 13    Spells: 3/3 levels left

rFire   . . .      SeeInvis .   l - +2 mace (holy)
rCold   . . .      Faith    .   (no shield)
rNeg    . . .      Spirit   .   b - +0 robe
rPois   .          Reflect  .   (helmet restricted)
rElec   .          Harm     .   (no cloak)
rCorr   .          Rampage  .   (no gloves)
Will    .....                   (no boots)
Stlth   ++........              (no amulet)
HPRegen 0.13/turn               (no ring)
MPRegen 0.08/turn               (no ring)

@: lethally poisoned (-4 -> -5)
A: horns 2, retaliatory headbutt
a: no special abilities


You were on level 3 of the Dungeon.
You visited 1 branch of the dungeon, and saw 3 of its levels.

You collected 151 gold pieces.

Inventory:

Hand Weapons
 a - a +0 spear
 f - a +0 dagger of venom
 l - a +2 mace of holy wrath (weapon)
Armour
 b - a +0 robe (worn)
Jewellery
 d - a ring of ice
Scrolls
 e - 3 scrolls of identify {unknown}
 h - a scroll of noise {unknown}
 n - a scroll of vulnerability {unknown}
 o - a scroll of fog {unknown}
 p - a scroll of fear {unknown}
 r - a scroll of immolation {unknown}
 s - a scroll of brand weapon {unknown}
Potions
 c - a potion of ambrosia
 g - a potion of flight {unknown}
 i - a potion of heal wounds {unknown}
 j - a potion of mutation {unknown}
 k - a potion of might {unknown}
 m - a potion of haste {unknown}
 q - a potion of magic {unknown}


   Skills:
 + Level 4.5 Fighting
 * Level 1.2 Maces & Flails
 - Level 4.3 Polearms
 + Level 4.2 Dodging
 + Level 2.5 Stealth


You had 3 spell levels left.
You didn't know any spells.
Your spell library contained the following spells:

 Spells                   Type           Power      Damage    Failure   Level
 Conjure Flame            Conj/Fire      0%         6-21      80%         3
 Ignite Poison            Fire/Tmut/Pois 0%         N/A       80%         3
 Sticky Flame             Conj/Fire      0%         2d3       99%         4


Dungeon Overview and Level Annotations

Branches:
Dungeon (3/15)

Altars:

Shops:
D:3 !

Annotations:
D:3 1 runed translucent door


Innate Abilities, Weirdness & Mutations

You have a pair of horns on your head.
You reflexively headbutt those who attack you in melee.


Message History

A scorpion is nearby!
A scorpion is nearby!
The scorpion stings you but does no damage.
You closely miss the scorpion. The scorpion stings you.
You are poisoned.
The scorpion poisons you!
You barely miss the scorpion. Your headbutt misses the scorpion.
You feel very sick. The scorpion misses you. You furiously retaliate!
You headbutt the scorpion, but do no damage.
The scorpion stings you.
You closely miss the scorpion.
You feel very sick. The scorpion stings you!
You are too injured to fight recklessly!
You are too injured to fight recklessly!
You are too injured to fight recklessly!
You are too injured to fight recklessly!
You are too injured to fight recklessly!
You are too injured to fight recklessly!
You are too injured to fight recklessly!
You are too injured to fight recklessly!
You closely miss the scorpion.
You feel sick. The scorpion barely misses you. The scorpion stings you!
* * * LOW HITPOINT WARNING * * *
You hit the scorpion.
The scorpion is lightly wounded.
You feel sick. The scorpion stings you.
* * * LOW HITPOINT WARNING * * *
You hit the scorpion but do no damage.
The scorpion is lightly wounded.
* * * LOW HITPOINT WARNING * * *
You feel sick. The scorpion barely misses you. The scorpion misses you.
You hit the scorpion.
The scorpion is heavily wounded.
* * * LOW HITPOINT WARNING * * *
You feel sick.
The scorpion stings you but does no damage.
The scorpion stings you.
You die...

#. .... ... #.#.. ...
... #.#.8. #.. ....
.........##.#######.....
.....8.∩.8........#....
.......<.#...........s
.......8.##.......#
................@s#
..............##........
...........#...#######.#
...........#....#
.........#####..##
.........## ..###
..........# ..###.
###.......# ..##..
#.......##### .#.


You could see a scorpion.

Vanquished Creatures
  An orc wizard (D:3)
  3 adders
  2 worms
  2 dart slugs
  2 orcs (D:3)
  6 endoplasms
  A giant cockroach (D:2)
  4 goblins
  4 hobgoblins
  8 jackals
  4 quokkas
  6 ball pythons
  4 bats
  2 kobolds
  5 rats
54 creatures vanquished.

Vanquished Creatures (others)
  A frilled lizard (D:1)
1 creature vanquished.

Grand Total: 55 creatures vanquished

Notes
Turn   | Place    | Note
-------+----------+-------------------------------------------
     0 | D:1      | sylnyx the Minotaur Monk began the quest for the Orb.
     0 | D:1      | Reached XP level 1. HP: 19/19 MP: 0/0
   247 | D:1      | Reached XP level 2. HP: 25/27 MP: 1/1
  1117 | D:2      | Found a faded altar of an unknown god.
  1191 | D:2      | Reached XP level 3. HP: 33/33 MP: 2/2
  1885 | D:3      | Reached XP level 4. HP: 41/41 MP: 3/3
  1984 | D:3      | Found a runed translucent door.
  2192 | D:3      | Reached skill level 1 in Maces & Flails
  2357 | D:3      | Found Icaycob's Distillery.
  2420 | D:3      | Noticed a scorpion
  2435 | D:3      | HP: 2/41 [poisoned by a scorpion]
  2436 | D:3      | Slain by a scorpion

Illustrated notes

Levels and vault maps discovered:
D:1:      erik_arrival_cave_to_civilisation [erik_arrival_cave_to_hall],
          layout_loops_ring, lemuel_flame_loot_1
D:2:      layout_basic, basic_ecumenical_altar
D:3:      layout_basic, serial_shops, nicolae_shop_statue_plus,
          ebering_ghost_sewer_d, hangedman_glass_teeth, hangedman_decor_riveting

Skill      XL: |  1  2  3  4 |
---------------+-------------+-----
Fighting       | 4 |  4.5
Polearms       | 4 |  4.3
Stealth        | 2 |  2.5
Dodging        | 4 |  4.2
Maces & Flails | 1 |  1.2

Action                   |  1- 3 |  4- 6 || total
-------------------------+-------+-------++-------
Melee: Spear             |    80 |       ||    80
       Headbutt          |    14 |     6 ||    20
       Mace              |    11 |    41 ||    52
 Stab: Sleeping          |     8 |       ||     8
Armor: Robe              |     6 |     9 ||    15
Dodge: Dodged            |    38 |    25 ||    63

Table legend: (Time is in decaauts)
 A = Elapsed time spent in this place.
 B = Non-inter-level travel time spent in this place.
 C = Inter-level travel time spent in this place.
 D = Time resting spent in this place.
 E = Time spent auto-exploring this place.
 F = Levels seen in this place.
 G = Mean time per level.
                   A        B        C        D        E       F      G
               +--------+--------+--------+--------+--------+-----+--------+
         Total |   2445 |   2233 |    212 |    194 |   1635 |   3 |  815.0 |
       Dungeon |   2445 |   2233 |    212 |    194 |   1635 |   3 |  815.0 |
               +--------+--------+--------+--------+--------+-----+--------+

Top non-repeatable levels by time:
     D:1: 1089 daAuts
     D:2: 759 daAuts
     D:3: 597 daAuts
